 Dungeon Crawl Stone Soup version 0.29.0-11-gd7f09526c8 (webtiles) character file.

Game seed: 8833036533590115446

504 greenreed the Digger (level 7, -5/38 HPs)
             Began as a Gargoyle Earth Elementalist on Sept 5, 2022.
             Was an Initiate of Sif Muna.
             Slain by an ogre
             ... wielding a +0 giant spiked club
              (21 damage)
             ... on level 3 of the Dungeon.
             The game lasted 00:10:35 (4634 turns).

greenreed the Digger (Gargoyle Earth Elementalist)  Turns: 4634, Time: 00:10:36

Health: -5/38      AC:  7    Str: 11      XL:     7   Next: 17%
Magic:  13/14      EV: 11    Int: 18      God:    Sif Muna [......]
Gold:   188        SH:  0    Dex:  4 (10) Spells: 9/15 levels left

rFire   . . .      SeeInvis .   (no weapon)
rCold   . . .      Faith    .   (no shield)
rNeg    + . .      Spirit   .   a - +0 robe
rPois   ∞          Reflect  .   (no helmet)
rElec   +          Harm     .   (no cloak)
rCorr   .          Rampage  .   (no gloves)
Will    .....                   q - +0 pair of boots
Stlth   +.........              (no amulet)
HPRegen 0.12/turn               k - ring of flight
MPRegen 0.14/turn               (no ring)

@: flying
A: sickness immunity, AC +4, negative energy resistance 1, electricity
resistance, torment resistance 1, petrification resistance
a: Renounce Religion


You were on level 3 of the Dungeon.
You worshipped Sif Muna.
Sif Muna was noncommittal.
You visited 1 branch of the dungeon, and saw 4 of its levels.

You collected 188 gold pieces.

Inventory:

Missiles
 o - 3 poisoned darts
Armour
 a - a +0 robe (worn)
 q - a +0 pair of boots (worn)
Jewellery
 k - a ring of flight (left hand)
 s - a +4 ring of protection
 u - a ring of ice
Scrolls
 c - 2 scrolls of vulnerability {unknown}
 d - a scroll of brand weapon {unknown}
 e - 4 scrolls of teleportation {unknown}
 g - 2 scrolls of magic mapping {unknown}
 h - a scroll of identify {unknown}
 j - 2 scrolls of enchant armour {unknown}
Potions
 b - a potion of magic
 f - a potion of lignification {unknown}
 i - a potion of might {unknown}
 l - a potion of brilliance {unknown}
 m - 3 potions of heal wounds
 n - a potion of ambrosia {unknown}
 p - a potion of mutation {unknown}
 r - a potion of berserk rage {unknown}
 t - a potion of degeneration {unknown}


   Skills:
 + Level 1.0 Fighting
 + Level 1.9 Dodging
 + Level 2.5 Stealth
 * Level 4.6 Spellcasting
 * Level 1.3 Conjurations
 * Level 1.4 Summonings
 + Level 0.7 Transmutations
 + Level 5.8 Earth Magic
 * Level 2.1 Invocations


You had 9 spell levels left.
You knew the following spells:

 Your Spells              Type           Power      Damage    Failure   Level
a - Sandblast             Erth           50%        2d12      1%          1
b - Call Imp              Summ           9%         N/A       12%         2
c - Mephitic Cloud        Conj/Pois/Air  5%         N/A       34%         3

Your spell library contained the following spells:

 Spells                   Type           Power      Damage    Failure   Level
 Passwall                 Tmut/Erth      13%        N/A       5%          2
 Magic Dart               Conj           36%        1d4       8%          1
 Summon Small Mammal      Summ           36%        N/A       8%          1
 Stone Arrow              Conj/Erth      34%        3d9       10%         3
 Call Canine Familiar     Summ           9%         N/A       24%         3
 Summon Guardian Golem    Hex/Summ       6%         N/A       30%         3
 Petrify                  Tmut/Erth      16%        N/A       34%         4
 Tukima's Dance           Hex            4%         N/A       38%         3
 Passage of Golubria      Tloc           4%         N/A       80%         4
 Yara's Violent Unravell  Hex/Tmut       2%         3d3       97%         5


Dungeon Overview and Level Annotations

Branches:
Dungeon (4/15)
 Temple: D:4-7

Altars:
Hepliaklqana
Sif Muna

Shops:
D:2 (


Innate Abilities, Weirdness & Mutations

You are immune to sickness and miasma.
Your stone body is resilient. (AC +4)
You are immune to poison.
You resist negative energy. (rN+)
You are resistant to electric shocks. (rElec)
You are resistant to unholy torment.
You are immune to petrification.


Message History

The ufetubus hits you but does no damage.
The ufetubus closely misses you. The ufetubus attacks as you move away!
The ufetubus hits you.
* * * LOW HITPOINT WARNING * * *
The ufetubus hits you.
* * * LOW HITPOINT WARNING * * *
The ufetubus hits you but does no damage.
The ufetubus hits you.
* * * LOW HITPOINT WARNING * * *
Casting: Sandblast (safe; 1% risk of failure)
Confirm with . or Enter, or press ? or * to list all spells.
Aiming: Sandblast (safe; 1% risk of failure)
Press: ? - help, Shift-Dir - straight line, f - ufetubus
Aim: an ufetubus (72% to hit)
The blast of sand hits the ufetubus.
The ufetubus is almost dead.
The ufetubus closely misses you. The ufetubus hits you.
* * * LOW HITPOINT WARNING * * *
The ufetubus hits you but does no damage.
The ufetubus barely misses you.
Okay, then.
It was a potion of heal wounds.
You feel much better.
The ufetubus hits you but does no damage.
The ufetubus misses you. The ufetubus attacks as you move away!
The ufetubus hits you. The ufetubus barely misses you.
The ufetubus hits you but does no damage.
The ufetubus closely misses you.
Casting: Sandblast (safe; 1% risk of failure)
Confirm with . or Enter, or press ? or * to list all spells.
Aiming: Sandblast (safe; 1% risk of failure)
Press: ? - help, Shift-Dir - straight line, f/p - ufetubus
Aim: an ufetubus (almost dead, 72% to hit)
The blast of sand hits the ufetubus!
You kill the ufetubus!
Sif Muna accepts your kill.
Unknown command.
The ogre hits you with a +0 giant spiked club!!
Ouch! That really hurt!
You die...

###### #########.#.##
#........(....
############.#...........
###.......@................
#........O#####'##..#..#.##
#.#.###..####⌠.⌠.#..#......
#.#.# #.##.##....#..##...##
#.#.###.8...#._..#..##...##
#.#.#.......#....#.........
#.#.#.......#....#.###....#
#.#.#.#.8...#._..#........#
#.#.#.#.##.##....#.####...#


You could see an ogre.

Vanquished Creatures
  An ogre (D:3)
  A necrophage (D:4)
  3 quasits
  A hound (D:4)
  3 orc wizards
  An iguana (D:3)
  2 adders (D:3)
  2 shadow imps (D:3)
  2 ufetubi
  2 worms
  4 dart slugs
  10 orcs
  10 bats
  3 endoplasms
  2 giant cockroaches
  2 hobgoblins
  9 jackals
  2 quokkas
  3 ball pythons
  3 frilled lizards
  4 goblins
  7 kobolds
  7 rats
84 creatures vanquished.

Notes
Turn   | Place    | Note
-------+----------+-------------------------------------------
     0 | D:1      | greenreed the Gargoyle Earth Elementalist began the quest
                  | for the Orb.
     0 | D:1      | Reached XP level 1. HP: 10/10 MP: 3/3
   195 | D:1      | Reached skill level 4 in Earth Magic
   277 | D:1      | Reached XP level 2. HP: 15/15 MP: 3/5
   445 | D:1      | Found a faded altar of an unknown god.
  1190 | D:1      | Reached XP level 3. HP: 19/19 MP: 4/6
  1887 | D:2      | Found Deshraof's Weapon Boutique.
  2444 | D:3      | Reached skill level 1 in Fighting
  2444 | D:3      | Reached XP level 4. HP: 25/25 MP: 5/8
  2611 | D:3      | Found a shimmering blue altar of Sif Muna.
  2611 | D:3      | Found a hazy altar of Hepliaklqana.
  2612 | D:3      | Noticed an ogre
  2615 | D:3      | Killed an ogre
  2616 | D:3      | Reached skill level 5 in Earth Magic
  2616 | D:3      | Reached XP level 5. HP: 29/29 MP: 5/10
  2627 | D:3      | Became a worshipper of Sif Muna the Loreminder
  3294 | D:3      | Learned a level 2 spell: Call Imp
  3298 | D:3      | Learned a level 3 spell: Mephitic Cloud
  3488 | D:4      | Reached skill level 1 in Conjurations
  3488 | D:4      | Reached XP level 6. HP: 34/34 MP: 8/12
  3536 | D:4      | Reached skill level 1 in Invocations
  3990 | D:4      | Reached skill level 1 in Summonings
  4096 | D:4      | Reached XP level 7. HP: 37/38 MP: 9/13
  4628 | D:3      | HP: 1/38 [ufetubus (3)]
  4634 | D:3      | Slain by an ogre

Illustrated notes

Levels and vault maps discovered:
D:1:      dpeg_arrival_brainrot, layout_loops_corners,
          shapermc_ecumenical_altar_starsandcircs, minmay_misc_feat_plants,
          wad_floor_pattern_untrapped
D:2:      layout_basic, serial_shops, shop
D:3:      layout_basic, jmf_multi_god_temple
D:4:      layout_cave_pools, serial_demonic, serial_demonic_a, serial_demonic_e,
          serial_demonic_f, serial_demonic_c, serial_demonic_f,
          serial_demonic_f, serial_demonic_b, serial_demonic_b,
          dk_rats_in_the_wall

Skill      XL: |  1  2  3  4  5  6 |
---------------+-------------------+-----
Earth Magic    | 4 5 |  5.8
Spellcasting   | 3 4 |  4.6
Fighting       | 1 |  1.0
Conjurations   | 1 |  1.3
Invocations    | 2 |  2.1
Summonings     | 1 |  1.4
Dodging        | |  1.9
Stealth        | |  2.5
Transmutations | |  0.7

Action                   |  1- 3 |  4- 6 |  7- 9 || total
-------------------------+-------+-------+-------++-------
Melee: Unarmed           |    21 |       |       ||    21
 Cast: Sandblast         |    64 |    69 |    18 ||   151
  Use: Potion            |       |       |     1 ||     1
Armor: Robe              |    19 |    49 |    29 ||    97
Dodge: Dodged            |    47 |    59 |    44 ||   150
